 Dungeon Crawl Stone Soup version 0.28-a0-479-g5baa6b73be (webtiles) character file.

Game seed: 705365398493562742

83 Dabor the Covert (level 4, 0/24 HPs)
             Began as a Spriggan Enchanter on Sept 19, 2021.
             Succumbed to an adder's poison
             ... on level 2 of the Dungeon.
             The game lasted 00:03:50 (3073 turns).

Dabor the Covert (Spriggan Enchanter)               Turns: 3073, Time: 00:03:51

Health: 0/24       AC:  2    Str:  5    XL:     4   Next: 22%
Magic:  9/9        EV: 19    Int: 16    God:
Gold:   33         SH:  6    Dex: 15    Spells: 8/8 levels left

rFire   . . .      SeeInvis +   a - +1 dagger
rCold   . . .      Faith    .   d - +0 buckler
rNeg    . . .      Spirit   .   b - +0 robe
rPois   .          Reflect  .   (helmet restricted)
rElec   .          Harm     .   (no cloak)
rCorr   .          Rampage  .   (gloves unavailable)
Will    .....                   (boots unavailable)
Stlth   ++++......              (no amulet)
HPRegen 0.08/turn               (no ring)
MPRegen 0.11/turn               (no ring)

@: lethally poisoned (0 -> -2), very quick
A: very small, no large weapons, unfitting armour, see invisible, speed 3
a: no special abilities


You were on level 2 of the Dungeon.
You visited 1 branch of the dungeon, and saw 2 of its levels.

You collected 33 gold pieces.

Inventory:

Hand Weapons
 a - a +1 dagger (weapon)
Missiles
 g - 41 stones (quivered)
Armour
 b - a +0 robe (worn)
 d - a +0 buckler (worn)
Potions
 c - a potion of invisibility


   Skills:
 + Level 3.2 Fighting
 * Level 6.4 Short Blades
 + Level 6.1 Dodging
 + Level 10.0 Stealth
 + Level 2.8 Shields
 - Level 2.7 Spellcasting
 - Level 3.7 Hexes


You had 8 spell levels left.
You didn't know any spells.
Your spell library contained the following spells:

 Spells                   Type           Power      Damage    Failure   Level
 Confusing Touch          Hex            14%        N/A       17%         3
 Tukima's Dance           Hex            14%        N/A       17%         3
 Ensorcelled Hibernation  Hex/Ice        16%        N/A       19%         2
 Dazzling Flash           Conj/Hex       16%        N/A       36%         3
 Stone Arrow              Conj/Erth      4%         3d7       61%         3
 Animate Armour           Summ/Erth      4%         N/A       95%         4
 Lehudib's Crystal Spear  Conj/Erth      1%         10d2      100%        8


Dungeon Overview and Level Annotations

Branches:
Dungeon (2/15)

Altars:

Shops:
D:1 ?:?


Innate Abilities, Weirdness & Mutations

You are very small and have problems with some larger weapons.
You are too small for most types of armour.
You have supernaturally acute eyesight. (SInv)
You cover ground extremely quickly. (Speed+++)


Message History

You feel sick.
You are no longer poisoned.
The adder barely misses you.
You closely miss the adder.
The adder is almost dead.
The adder closely misses you.
You hit the adder.
The adder is almost dead.
The adder bites you.
* * * LOW HITPOINT WARNING * * *
You are lethally poisoned!
The adder poisons you! The adder barely misses you.
* * * LOW HITPOINT WARNING * * *
You feel sick.
* * * LOW HITPOINT WARNING * * *
You feel sick.
There is a stone staircase leading up here.
It was a potion of experience.
You feel more experienced!
Your Fighting skill gained 3 levels and is now at level 3!
Your Short Blades skill gained 4 levels and is now at level 6!
Your Dodging skill gained 3 levels and is now at level 6!
Your Stealth skill gained 5 levels and is now at level 10!
Your Shields skill gained 2 levels and is now at level 2!
You have reached level 4!
* * * LOW HITPOINT WARNING * * *
You feel sick.
Okay, then.
As you read the scroll labelled SONILO QIDYC, it crumbles to dust.
The creatures around you are filled with an inner flame!
It was a scroll of immolation.
* * * LOW HITPOINT WARNING * * *
You feel sick. The adder misses you. x2
You miss the adder.
The adder is almost dead.
* * * LOW HITPOINT WARNING * * *
You feel sick. The adder misses you.
You barely miss the adder.
The adder is almost dead.
You die...

#.........S......#
###############.##
...#.....#
#####.#.######
.............#
#####.#...#.##
#...<...#
#.##...รท# ...
#.S@.# #
#######...##.#
.............#
########.######
............#
.........##.#
#..$..#.....#
#.###.#.##### . #
#.#


You could see an adder (inner flame).

Vanquished Creatures
  An adder (D:2)
  4 bats
  2 endoplasms (D:1)
  A giant cockroach (D:1)
  A goblin (D:1)
  5 hobgoblins
  A ball python (D:1)
  3 frilled lizards (D:1)
  6 kobolds (D:1)
  4 rats
28 creatures vanquished.

Vanquished Creatures (others)
  2 fungi (D:2)
  3 plants (D:2)
5 creatures vanquished.

Grand Total: 33 creatures vanquished

Notes
Turn   | Place    | Note
-------+----------+-------------------------------------------
     0 | D:1      | Dabor the Spriggan Enchanter began the quest for the Orb.
     0 | D:1      | Reached XP level 1. HP: 9/9 MP: 5/5
   862 | D:1      | Reached XP level 2. HP: 13/13 MP: 6/6
  1038 | D:1      | Found Tauri's Magic Scroll Shoppe.
  1259 | D:1      | Found Xifi's Book Boutique.
  1366 | D:1      | Found Lawisimiu's Magic Scroll Boutique.
  2314 | D:2      | Reached XP level 3. HP: 7/17 MP: 8/8
  2794 | D:2      | Reached skill level 5 in Stealth
  3070 | D:2      | Reached skill level 10 in Stealth
  3070 | D:2      | Reached XP level 4. HP: 4/24 MP: 9/9
  3072 | D:2      | HP: 1/24 [poisoned by an adder]
  3073 | D:2      | Succumbed to an adder's poison

Illustrated notes

Levels and vault maps discovered:
D:1:      amcnicky_arrival_single_pillar, layout_loops_corners, serial_shops,
          shop, shop, shop, corexii_corridor_pit
D:2:      layout_basic, basic_altar, shapermc_ecumenical_altar_mp_ritualfount

Skill      XL: |  1  2  3 |
---------------+----------+-----
Dodging        | 3 6 |  6.1
Short Blades   | 2 6 |  6.4
Stealth        | 10 | 10.0
Fighting       | 3 |  3.2
Shields        | 2 |  2.8
Spellcasting   | |  2.7
Hexes          | |  3.7

Action                   |  1- 3 |  4- 6 || total
-------------------------+-------+-------++-------
Melee: Dagger            |   166 |     2 ||   168
Throw: Stone             |     2 |       ||     2
  Use: Potion            |     1 |       ||     1
       Scroll            |       |     1 ||     1
 Stab: Sleeping          |     8 |       ||     8
Armor: Robe              |    17 |       ||    17
Dodge: Dodged            |   138 |     3 ||   141
Block: Buckler           |    30 |       ||    30

Table legend: (Time is in decaauts)
 A = Elapsed time spent in this place.
 B = Non-inter-level travel time spent in this place.
 C = Inter-level travel time spent in this place.
 D = Time resting spent in this place.
 E = Time spent auto-exploring this place.
 F = Levels seen in this place.
 G = Mean time per level.
                   A        B        C        D        E       F      G
               +--------+--------+--------+--------+--------+-----+--------+
         Total |   2623 |   2564 |     59 |   1061 |   1154 |   2 | 1311.5 |
       Dungeon |   2623 |   2564 |     59 |   1061 |   1154 |   2 | 1311.5 |
               +--------+--------+--------+--------+--------+-----+--------+

Top non-repeatable levels by time:
     D:1: 2477 daAuts
     D:2: 145 daAuts
